| TOP OF THE 1ST |
|
Washington Senators batting - Pitching for Oakland Athletics : LHP Bobby M Jones
|
|
Pitching: LHP Bobby M Jones
|
|
|
Batting: SHB Ray Durham
|
0-0: Fly out, F6 (Line Drive, 6, EV 70.0 MPH)
|
|
Batting: RHB Vladimir Guerrero
|
0-0: Foul Ball, location: 2F 0-1: Fly out, F9 (Flyball, 9, EV 85.6 MPH)
|
|
Batting: RHB Alex Rodriguez
|
0-0: Foul Ball, location: 2F 0-1: Foul Ball, location: 2F 0-2: Ball 1-2: Ball 2-2: Ball 3-2: Base on Balls
|
|
Batting: RHB Albert Belle
|
0-0: Ball 1-0: Ball 2-0: Called Strike 2-1: Ball 3-1: Base on Balls Alex Rodriguez to second
|
|
Batting: RHB Eric Davis
|
0-0: Ball 1-0: Swinging Strike 1-1: Swinging Strike 1-2: Strikes out looking
|
| Top of the 1st over - 0 runs, 0 hits, 0 errors, 2 left on base; Washington 0 - Oakland 0 |
| BOTTOM OF THE 1ST |
|
Oakland Athletics batting - Pitching for Washington Senators : LHP Andy Pettitte
|
|
Pitching: LHP Andy Pettitte
|
|
|
Batting: RHB Rickey Henderson
|
0-0: Called Strike 0-1: Swinging Strike 0-2: Strikes out swinging
|
|
Batting: SHB Geronimo Pena
|
0-0: Ball 1-0: Called Strike 1-1: Fly out, F9 (Flyball, 89M, EV 86.3 MPH)
|
|
Batting: LHB John Olerud
|
0-0: Ground out 4-3 (Groundball, 4, EV 80.6 MPH)
|
| Bottom of the 1st over - 0 runs, 0 hits, 0 errors, 0 left on base; Washington 0 - Oakland 0 |
| TOP OF THE 2ND |
|
Washington Senators batting - Pitching for Oakland Athletics : LHP Bobby M Jones
|
|
Batting: RHB Freddy F Garcia
|
0-0: Ball 1-0: Ball 2-0: Ball 3-0: Called Strike 3-1: SINGLE (Groundball, 25, EV 63.1 MPH) (infield hit)
|
|
Batting: RHB Marty Cordova
|
0-0: Called Strike 0-1: Ball 1-1: Ball 2-1: Fly out, F8 (Flyball, 8LS, EV 98.1 MPH)
|
|
Batting: SHB Mickey Tettleton
|
0-0: Foul Ball, location: 2F 0-1: Called Strike 0-2: Ball 1-2: Ball 2-2: Ball 3-2: Fly out, F8 (Line Drive, 8RD, EV 86.3 MPH)
|
|
Batting: RHB Ernie Young
|
0-0: Ball 1-0: Ball 2-0: Ball 3-0: Base on Balls Freddy F Garcia to second
|
|
Batting: SHB Ray Durham
|
0-0: Ball 1-0: Swinging Strike 1-1: Swinging Strike 1-2: Hit by Pitch Freddy F Garcia to third Ernie Young to second
|
|
Batting: RHB Vladimir Guerrero
|
0-0: Ball 1-0: Ball 2-0: SINGLE (Line Drive, 8RS, EV 91.3 MPH) Freddy F Garcia scores Ernie Young to third Ray Durham to second Runner from 3rd tries for Home, SAFE, throw by CF to home
|
|
Batting: RHB Alex Rodriguez
|
0-0: Ball 1-0: Foul Ball, location: 2F 1-1: Called Strike 1-2: Ball 2-2: Foul Ball, location: 2F 2-2: Ball 3-2: Base on Balls Ray Durham to third Vladimir Guerrero to second
|
|
Batting: RHB Albert Belle
|
0-0: Swinging Strike 0-1: Foul Ball, location: 2F 0-2: Ball 1-2: Foul Ball, location: 2F 1-2: Strikes out swinging
|
| Top of the 2nd over - 2 runs, 2 hits, 0 errors, 3 left on base; Washington 2 - Oakland 0 |
| BOTTOM OF THE 2ND |
|
Oakland Athletics batting - Pitching for Washington Senators : LHP Andy Pettitte
|
|
Batting: RHB Jay Buhner
|
0-0: SINGLE (Line Drive, 89S, EV 110.6 MPH)
|
|
Batting: RHB Herbert Perry
|
0-0: Ball 1-0: Called Strike 1-1: Foul Ball, location: 2F 1-2: Fielders Choice at 2nd, 6-4 (Groundball, 6, EV 80.0 MPH)
|
|
Batting: RHB Benito Santiago
|
0-0: Called Strike 0-1: Swinging Strike 0-2: Ball 1-2: Strikes out looking
|
|
Batting: RHB Greg Vaughn
|
0-0: Ball 1-0: Ball 2-0: Called Strike 2-1: TRIPLE (Flyball, 89XD, EV 111.9 MPH) Herbert Perry scores
|
|
Batting: SHB Devon White
|
0-0: Called Strike 0-1: Ball 1-1: Fly out, F7 (Flyball, 7S, EV 91.3 MPH)
|
| Bottom of the 2nd over - 1 run, 2 hits, 0 errors, 1 left on base; Washington 2 - Oakland 1 |
| TOP OF THE 3RD |
|
Washington Senators batting - Pitching for Oakland Athletics : LHP Bobby M Jones
|
|
Batting: RHB Eric Davis
|
0-0: Ball 1-0: Ball 2-0: Called Strike 2-1: Ball 3-1: SINGLE (Groundball, 56, EV 92.5 MPH) (infield hit)
|
|
Batting: RHB Freddy F Garcia
|
0-0: Ball 1-0: Fly out, F8 (Flyball, 8RD, EV 105.0 MPH)
|
|
Batting: RHB Marty Cordova
|
0-0: Foul Ball, location: 2F 0-1: Ball 1-1: Fly out, F9 (Flyball, 9LS, EV 76.3 MPH)
|
|
Batting: SHB Mickey Tettleton
|
0-0: Ball 1-0: Ball 2-0: Foul Ball, location: 2F 2-1: Foul Ball, location: 2F 2-2: Foul Ball, location: 2F 2-2: Ball 3-2: Foul Ball, location: 2F 3-2: Base on Balls Eric Davis to second
|
|
Batting: RHB Ernie Young
|
0-0: Ball 1-0: Swinging Strike 1-1: Foul Ball, location: 2F 1-2: Ball 2-2: Strikes out swinging
|
| Top of the 3rd over - 0 runs, 1 hit, 0 errors, 2 left on base; Washington 2 - Oakland 1 |
| BOTTOM OF THE 3RD |
|
Oakland Athletics batting - Pitching for Washington Senators : LHP Andy Pettitte
|
|
Batting: RHB Benji Gil
|
0-0: Swinging Strike 0-1: Ball 1-1: Fly out, F9 (Flyball, 9S, EV 97.5 MPH)
|
|
Batting: RHB Rickey Henderson
|
0-0: Called Strike 0-1: Called Strike 0-2: Ball 1-2: Ball 2-2: Ball 3-2: Base on Balls
|
|
Batting: SHB Geronimo Pena
|
0-0: Called Strike 0-1: Ball 1-1: Ball 2-1: Ball 3-1: Foul Ball, location: 2F 3-2: Base on Balls Rickey Henderson to second
|
|
Batting: LHB John Olerud
|
0-0: Ball Wild Pitch! Rickey Henderson to third Geronimo Pena to second 1-0: Ball 2-0: Ball 3-0: Foul Ball, location: 2F 3-1: Foul Ball, location: 2F 3-2: SINGLE (Groundball, 56D, EV 103.8 MPH) Rickey Henderson scores Geronimo Pena to third Runner from 3rd tries for Home, SAFE, no throw by LF
|
|
Batting: RHB Jay Buhner
|
0-0: Called Strike 0-1: Foul Ball, location: 2F 0-2: Ball 1-2: Strikes out looking
|
|
Batting: RHB Herbert Perry
|
0-0: Ball 1-0: Ball 2-0: Foul Ball, location: 2F 2-1: Ball 3-1: Called Strike 3-2: Strikes out swinging
|
| Bottom of the 3rd over - 2 runs, 1 hit, 0 errors, 1 left on base; Washington 2 - Oakland 3 |
| TOP OF THE 4TH |
|
Washington Senators batting - Pitching for Oakland Athletics : LHP Bobby M Jones
|
|
Batting: SHB Ray Durham
|
0-0: Ball 1-0: Foul Ball, location: 2F 1-1: Ball 2-1: Ball 3-1: Swinging Strike 3-2: Base on Balls
|
|
Batting: RHB Vladimir Guerrero
|
0-0: Ball 1-0: Foul Ball, location: 2F 1-1: Ball 2-1: Foul Ball, location: 2F 2-2: Hit by Pitch Ray Durham to second
|
|
Batting: RHB Alex Rodriguez
|
0-0: Foul Ball, location: 2F 0-1: Ball 1-1: Foul Ball, location: 2F 1-2: Ball 2-2: Foul Ball, location: 2F 2-2: Ball 3-2: Base on Balls Ray Durham to third Vladimir Guerrero to second
|
|
Batting: RHB Albert Belle
|
0-0: Foul Ball, location: 2F 0-1: Fly out, F6 (Popup, 4M, EV 77.5 MPH)
|
|
Batting: RHB Eric Davis
|
0-0: Ball 1-0: Foul Ball, location: 2F 1-1: Ball 2-1: Called Strike 2-2: Foul Ball, location: 2F 2-2: Ball 3-2: GRAND SLAM HOME RUN (Flyball, 89XD, EV 93.8 MPH), Distance : 395 ft
|
|
Batting: RHB Freddy F Garcia
|
0-0: Called Strike 0-1: Called Strike 0-2: Foul Ball, location: 2F 0-2: Ball 1-2: Foul Ball, location: 2F 1-2: Foul Ball, location: 2F 1-2: Ball 2-2: Foul Ball, location: 2F 2-2: Ball 3-2: SINGLE (Groundball, 6MD, EV 101.9 MPH)
|
|
Batting: RHB Marty Cordova
|
0-0: Ball 1-0: Fly out, F8 (Flyball, 8LM, EV 80.6 MPH)
|
|
Batting: SHB Mickey Tettleton
|
0-0: Ball 1-0: Ball 2-0: Ball 3-0: Base on Balls Freddy F Garcia to second
|
|
Batting: RHB Ernie Young
|
0-0: Ball 1-0: Swinging Strike 1-1: Foul Ball, location: 2F 1-2: Ball 2-2: Foul Ball, location: 2F 2-2: Fielders Choice at 2nd, 6-4 (Groundball, 56, EV 98.8 MPH)
|
| Top of the 4th over - 4 runs, 2 hits, 0 errors, 2 left on base; Washington 6 - Oakland 3 |
| BOTTOM OF THE 4TH |
|
Oakland Athletics batting - Pitching for Washington Senators : LHP Andy Pettitte
|
|
Batting: RHB Benito Santiago
|
0-0: Called Strike 0-1: Fly out, F7 (Line Drive, 7D, EV 85.0 MPH)
|
|
Batting: RHB Greg Vaughn
|
0-0: Called Strike 0-1: Swinging Strike 0-2: Ball 1-2: Ball 2-2: Ball 3-2: Foul Ball, location: 2F 3-2: Strikes out swinging
|
|
Batting: SHB Devon White
|
0-0: Called Strike 0-1: Foul Ball, location: 2F 0-2: Strikes out swinging
|
| Bottom of the 4th over - 0 runs, 0 hits, 0 errors, 0 left on base; Washington 6 - Oakland 3 |
| TOP OF THE 5TH |
|
Washington Senators batting - Pitching for Oakland Athletics : LHP Bobby M Jones
|
|
Batting: SHB Ray Durham
|
0-0: Ball 1-0: Ball 2-0: SINGLE (Flyball, 78S, EV 93.1 MPH)
|
|
Batting: RHB Vladimir Guerrero
|
0-0: Called Strike 0-1: Ball 1-1: Ball 2-1: SINGLE (Line Drive, 8RS, EV 95.0 MPH) Ray Durham to second Runner from 2nd tries for 3rd, SAFE, throw by CF made to third
|
|
Batting: RHB Alex Rodriguez
|
0-0: Foul Ball, location: 2F 0-1: Ball 1-1: Called Strike 1-2: Fly out, F8 (Line Drive, 8RD, EV 91.9 MPH) Runner from 3rd tags up, SCORES, throw by CF
|
|
Batting: RHB Albert Belle
|
0-0: Ball 1-0: SINGLE (Line Drive, 8RS, EV 99.4 MPH) Vladimir Guerrero to second Runner from 2nd tries for 3rd, SAFE, throw by CF made to third
|
|
Pitching: RHP Jeff C D'Amico
|
|
|
Batting: RHB Eric Davis
|
0-0: Ball 1-0: Called Strike 1-1: Foul Ball, location: 2F 1-2: Ball 2-2: Foul Ball, location: 2F 2-2: Fly out, F8 (Flyball, 78M, EV 86.9 MPH) Runner from 3rd tags up, SCORES, throw by CF
|
|
Batting: RHB Freddy F Garcia
|
0-0: Ball 1-0: Ball 2-0: Ball 3-0: Called Strike 3-1: Base on Balls Albert Belle to second
|
|
Batting: RHB Marty Cordova
|
0-0: Ball 1-0: Ground out 5-3 (Groundball, 56S, EV 80.0 MPH)
|
| Top of the 5th over - 2 runs, 3 hits, 0 errors, 2 left on base; Washington 8 - Oakland 3 |
| BOTTOM OF THE 5TH |
|
Oakland Athletics batting - Pitching for Washington Senators : LHP Andy Pettitte
|
|
Batting: RHB Benji Gil
|
0-0: Foul Ball, location: 2F 0-1: Foul Ball, location: 2F 0-2: Ball 1-2: Ball 2-2: Ball 3-2: Base on Balls
|
|
Batting: RHB Rickey Henderson
|
0-0: Ball 1-0: Ball 2-0: Called Strike Benji Gil steals 2nd base (no throw) 2-1: Ball 3-1: Swinging Strike 3-2: Foul Ball, location: 2F 3-2: Foul Ball, location: 2F 3-2: Fly out, F2 (Popup, 2RF, EV 86.3 MPH)
|
|
Batting: SHB Geronimo Pena
|
0-0: Called Strike Benji Gil steals 3rd, throwing error, E2 Benji Gil scores 0-1: Called Strike 0-2: Ground out 4-3 (Groundball, 4, EV 80.6 MPH)
|
|
Batting: LHB John Olerud
|
0-0: Called Strike 0-1: SINGLE (Flyball, 8LS, EV 88.1 MPH)
|
|
Batting: RHB Jay Buhner
|
0-0: Foul Ball, location: 2F 0-1: Swinging Strike 0-2: Foul Ball, location: 2F 0-2: SINGLE (Line Drive, 78S, EV 89.4 MPH) John Olerud to second
|
|
Batting: RHB Herbert Perry
|
0-0: Called Strike 0-1: Ball 1-1: Called Strike 1-2: Strikes out looking
|
| Bottom of the 5th over - 1 run, 2 hits, 1 error, 2 left on base; Washington 8 - Oakland 4 |
| TOP OF THE 6TH |
|
Washington Senators batting - Pitching for Oakland Athletics : RHP Jeff C D'Amico
|
|
Batting: SHB Mickey Tettleton
|
0-0: Foul Ball, location: 2F 0-1: Called Strike 0-2: Ball 1-2: Strikes out swinging
|
|
Batting: RHB Ernie Young
|
0-0: Called Strike 0-1: Foul Ball, location: 2F 0-2: Strikes out swinging
|
|
Batting: SHB Ray Durham
|
0-0: Swinging Strike 0-1: Ball 1-1: Foul Ball, location: 2F 1-2: Ball 2-2: Foul Ball, location: 2F 2-2: SINGLE (Line Drive, 3D, EV 98.8 MPH)
|
|
Batting: RHB Vladimir Guerrero
|
0-0: Ball 1-0: Ball Ray Durham steals 2nd base (no throw) 2-0: Foul Ball, location: 2F 2-1: Fly out, F3 (Popup, 3F, EV 65.6 MPH)
|
| Top of the 6th over - 0 runs, 1 hit, 0 errors, 1 left on base; Washington 8 - Oakland 4 |
| BOTTOM OF THE 6TH |
|
Oakland Athletics batting - Pitching for Washington Senators : LHP Andy Pettitte
|
|
Batting: RHB Benito Santiago
|
0-0: Foul Ball, location: 2F 0-1: Foul Ball, location: 2F 0-2: Ball 1-2: Ball 2-2: Strikes out looking
|
|
Batting: RHB Greg Vaughn
|
0-0: Ball 1-0: Ball 2-0: Called Strike 2-1: Called Strike 2-2: Ball 3-2: Strikes out looking
|
|
Batting: SHB Devon White
|
0-0: Called Strike 0-1: Foul Ball, location: 2F 0-2: Ball 1-2: Strikes out swinging
|
| Bottom of the 6th over - 0 runs, 0 hits, 0 errors, 0 left on base; Washington 8 - Oakland 4 |
| TOP OF THE 7TH |
|
Washington Senators batting - Pitching for Oakland Athletics : RHP Jeff C D'Amico
|
|
Batting: RHB Alex Rodriguez
|
0-0: Ball 1-0: Ball 2-0: Called Strike 2-1: Swinging Strike 2-2: Foul Ball, location: 2F 2-2: Ball 3-2: Base on Balls
|
|
Batting: RHB Albert Belle
|
0-0: Called Strike 0-1: Foul Ball, location: 2F 0-2: SINGLE (Line Drive, 8RS, EV 108.8 MPH) Alex Rodriguez to second
|
|
Batting: RHB Eric Davis
|
0-0: Ball 1-0: Foul Ball, location: 2F 1-1: Foul Ball, location: 2F 1-2: Ball Wild Pitch! Alex Rodriguez to third Albert Belle to second 2-2: Foul Ball, location: 2F 2-2: Foul Ball, location: 2F 2-2: Ball 3-2: Foul Ball, location: 2F 3-2: Ground out 1-3 (Groundball, 34S, EV 81.3 MPH)
|
|
Batting: RHB Freddy F Garcia
|
0-0: Ball 1-0: Ball 2-0: Foul Ball, location: 2F 2-1: Ball 3-1: Base on Balls
|
|
Batting: RHB Marty Cordova
|
0-0: Ball 1-0: Fly out, F8 (Flyball, 89D, EV 105.6 MPH) Runner from 3rd tags up, SCORES, no throw by CF
|
|
Batting: SHB Mickey Tettleton
|
0-0: Ball 1-0: Foul Ball, location: 2F 1-1: Called Strike 1-2: Strikes out swinging
|
| Top of the 7th over - 1 run, 1 hit, 0 errors, 2 left on base; Washington 9 - Oakland 4 |
| BOTTOM OF THE 7TH |
|
Oakland Athletics batting - Pitching for Washington Senators : LHP Andy Pettitte
|
|
Pitching: RHP Milt Hill
|
|
|
Batting: RHB Benji Gil
|
0-0: Ball 1-0: Ball 2-0: Swinging Strike 2-1: Foul Ball, location: 2F 2-2: Strikes out swinging
|
|
Batting: RHB Rickey Henderson
|
0-0: Ball 1-0: Called Strike 1-1: Foul Ball, location: 2F 1-2: Ball 2-2: Ball 3-2: Strikes out swinging
|
|
Batting: SHB Geronimo Pena
|
0-0: Called Strike 0-1: Ball 1-1: Ball 2-1: Foul Ball, location: 2F 2-2: Ball 3-2: Base on Balls
|
|
Batting: LHB John Olerud
|
0-0: Swinging Strike 0-1: Foul Ball, location: 2F 0-2: Ball 1-2: Ball 2-2: Ball 3-2: Foul Ball, location: 2F 3-2: Foul Ball, location: 2F 3-2: Fly out, F6 (Popup, 6S, EV 66.9 MPH)
|
| Bottom of the 7th over - 0 runs, 0 hits, 0 errors, 1 left on base; Washington 9 - Oakland 4 |
| TOP OF THE 8TH |
|
Washington Senators batting - Pitching for Oakland Athletics : RHP Jeff C D'Amico
|
|
Batting: RHB Ernie Young
|
0-0: Called Strike 0-1: Called Strike 0-2: Ball 1-2: Ball 2-2: Strikes out swinging
|
|
Batting: SHB Ray Durham
|
0-0: Ball 1-0: Ball 2-0: Fly out, F1 (Line Drive, P, EV 74.4 MPH)
|
|
Batting: RHB Vladimir Guerrero
|
0-0: Swinging Strike 0-1: Ball 1-1: SINGLE (Line Drive, 56D, EV 103.8 MPH)
|
|
Batting: RHB Alex Rodriguez
|
0-0: Ball 1-0: Ball 2-0: Ball 3-0: Base on Balls Vladimir Guerrero to second
|
|
Batting: RHB Albert Belle
|
0-0: Ball 1-0: Foul Ball, location: 2F 1-1: Ball 2-1: Foul Ball, location: 2F 2-2: Foul Ball, location: 2F 2-2: Foul Ball, location: 2F 2-2: 3-RUN HOME RUN (Flyball, 7D, EV 109.4 MPH), Distance : 365 ft
|
|
Batting: RHB Eric Davis
|
0-0: Swinging Strike 0-1: Called Strike 0-2: Ball 1-2: Ground out 1-3 (Groundball, 34S, EV 85.0 MPH)
|
| Top of the 8th over - 3 runs, 2 hits, 0 errors, 0 left on base; Washington 12 - Oakland 4 |
| BOTTOM OF THE 8TH |
|
Oakland Athletics batting - Pitching for Washington Senators : RHP Milt Hill
|
|
Pinch Hitting: RHB Craig Paquette
|
0-0: Foul Ball, location: 2F 0-1: SINGLE (Line Drive, 8RS, EV 105.6 MPH)
|
|
Batting: RHB Herbert Perry
|
0-0: Called Strike 0-1: Foul Ball, location: 2F 0-2: Strikes out looking
|
|
Batting: RHB Benito Santiago
|
0-0: Ball 1-0: Ball 2-0: Called Strike 2-1: Foul Ball, location: 2F 2-2: Fly out, F8 (Flyball, 8LM, EV 75.6 MPH)
|
|
Batting: RHB Greg Vaughn
|
0-0: Fielders Choice at 2nd, 5-4 (Groundball, 5, EV 100.0 MPH)
|
| Bottom of the 8th over - 0 runs, 1 hit, 0 errors, 1 left on base; Washington 12 - Oakland 4 |
| TOP OF THE 9TH |
|
Washington Senators batting - Pitching for Oakland Athletics : RHP Jeff C D'Amico
|
|
Now in RF: Craig Paquette
|
|
|
Batting: RHB Freddy F Garcia
|
0-0: Ball 1-0: Ball 2-0: Ball 3-0: Base on Balls
|
|
Pitching: RHP William VanLandingham
|
|
|
Pinch Hitting: LHB Don Mattingly
|
0-0: Called Strike 0-1: Ball 1-1: Called Strike 1-2: Foul Ball, location: 2F 1-2: Ball 2-2: Strikes out swinging
|
|
Batting: SHB Mickey Tettleton
|
0-0: Called Strike 0-1: Called Strike 0-2: Foul Ball, location: 2F 0-2: Ball 1-2: Ball 2-2: Fly out, F7 (Flyball, 78S, EV 93.8 MPH)
|
|
Batting: RHB Ernie Young
|
0-0: Called Strike 0-1: Ball 1-1: Foul Ball, location: 2F 1-2: Foul Ball, location: 2F 1-2: Foul Ball, location: 2F 1-2: Strikes out swinging
|
| Top of the 9th over - 0 runs, 0 hits, 0 errors, 1 left on base; Washington 12 - Oakland 4 |
| BOTTOM OF THE 9TH |
|
Oakland Athletics batting - Pitching for Washington Senators : RHP Milt Hill
|
|
Now at 1B: Don Mattingly
|
|
|
Batting: SHB Devon White
|
0-0: Foul Ball, location: 5F, Error on foul ball, E5 0-1: Called Strike 0-2: Ball 1-2: Ground out 5-3 (Groundball, 56S, EV 85.0 MPH)
|
|
Batting: RHB Benji Gil
|
0-0: DOUBLE (Line Drive, 78XD, EV 110.0 MPH)
|
|
Batting: RHB Rickey Henderson
|
0-0: Ball 1-0: Called Strike 1-1: Foul Ball, location: 2F 1-2: Ball 2-2: Foul Ball, location: 2F 2-2: Strikes out swinging
|
|
Batting: SHB Geronimo Pena
|
0-0: Ball 1-0: Called Strike 1-1: Ball 2-1: Foul Ball, location: 2F 2-2: Ground out 4-3 (Groundball, 4, EV 81.9 MPH)
|
| Bottom of the 9th over - 0 runs, 1 hit, 1 error, 1 left on base; Washington 12 - Oakland 4 |
|